 Dungeon Crawl Stone Soup version 0.26-a0-663-g36e8fdb655 (webtiles) character file.

Game seed: 14059406294346545907

35344 Napalmbreeze the Grappler (level 13, -3/136 HPs)
             Began as a Troll Fighter on Oct 12, 2020.
             Was a High Priest of Makhleb.
             Slain by an eight-headed hydra (16 damage)
             ... on level 2 of the Lair of Beasts.
             The game lasted 00:34:32 (14384 turns).

Napalmbreeze the Grappler (Troll Fighter)          Turns: 14384, Time: 00:34:32

Health: -3/136     AC:  9    Str: 31    XL:     13   Next: 47%
Magic:  18/18      EV: 12    Int:  4    God:    Makhleb [*****.]
Gold:   1157       SH: 12    Dex: 11    Spells: 12/12 levels left

rFire    + + .     SeeInvis .     - Unarmed
rCold    . . .     Faith    .   b - +0 kite shield
rNeg     . . .     Spirit   .   R - +2 robe {rF+}
rPois    .         Reflect  .   (helmet restricted)
rElec    +         Harm     .   K - +0 cloak {rCorr}
rCorr    +         Rampage  .   (gloves unavailable)
MR       +....                  (boots unavailable)
Stlth    +.........             (no amulet)
HPRegen  0.72/turn              f - ring of protection from fire
MPRegen  0.16/turn              w - ring "Kidae" {rElec MR+ Dex+2}

@: studying Shields
A: large, unfitting armour, claws 3, regeneration 1, shaggy fur 1, tough skin 3
a: Minor Destruction, Lesser Servant of Makhleb, Major Destruction, Greater
Servant of Makhleb, Renounce Religion


You were on level 2 of the Lair of Beasts.
You worshipped Makhleb.
Makhleb was extremely pleased with you.
You visited 3 branches of the dungeon, and saw 18 of its levels.
You also visited: Sewer and Volcano.

You collected 1329 gold pieces.
You spent 172 gold pieces at shops.

Inventory:

Missiles
 H - a throwing net
 L - 3 large rocks (quivered)
Armour
 b - a +0 kite shield (worn)
 K - a +0 cloak of preservation (worn)
 R - a +2 robe of fire resistance (worn)
Jewellery
 f - a ring of protection from fire (left claw)
 m - a +6 ring of dexterity
 u - an uncursed ring of flight
 w - the ring "Kidae" (right claw) {rElec MR+ Dex+2}
   (You found it in a sewer)

   [ring of protection from magic]

   It affects your dexterity (+2).
   It insulates you from electricity.
   It affects your resistance to hostile enchantments.
 x - an uncursed ring of positive energy
 O - an uncursed ring of see invisible
 T - an uncursed ring of stealth
 V - a cursed -4 ring of dexterity
 X - an uncursed ring of resist corrosion {unknown}
 Y - an uncursed amulet of magic regeneration {unknown}
Wands
 n - a wand of random effects (38)
 v - a wand of flame (29)
 z - a wand of disintegration (22)
 C - a wand of acid (6)
 J - a wand of polymorph (8)
 P - a wand of enslavement (10)
 Q - a wand of iceblast (10)
 W - a wand of digging (7)
Scrolls
 e - 2 scrolls of blinking
 g - 8 scrolls of teleportation
 h - 8 scrolls of remove curse
 q - 2 scrolls of immolation
 r - a scroll of amnesia
 t - 5 scrolls of enchant armour
 y - 2 scrolls of fog
 D - a scroll of fear
 G - a scroll of summoning {unknown}
 I - 2 scrolls of magic mapping
 N - a scroll of holy word {unknown}
 S - 3 scrolls of enchant weapon
Potions
 a - a potion of berserk rage {unknown}
 c - 3 potions of might
 d - 7 potions of lignification
 j - 10 potions of curing
 k - 5 potions of flight
 l - 3 potions of haste {unknown}
 o - 4 potions of heal wounds {unknown}
 p - 2 potions of brilliance {unknown}
 s - 2 potions of magic {unknown}
 A - a potion of degeneration {unknown}
 B - 2 potions of stabbing {unknown}
 E - 2 potions of cancellation {unknown}
 F - 3 potions of invisibility {unknown}
 U - 2 potions of ambrosia {unknown}
Books
 i - a manual of Shields
Miscellaneous
 M - a box of beasts (3/3)


   Skills:
 + Level 10.8 Fighting
 + Level 5.0 Dodging
 - Level 10.0 Shields
 + Level 14.4 Unarmed Combat
 - Level 8.0 Invocations


You had 12 spell levels left.
You didn't know any spells.
Your spell library contained the following spells:

 Spells                   Type           Power        Failure   Level
 Animate Skeleton         Necr           #.....       50%         1
 Corona                   Hex            #......      50%         1
 Freeze                   Ice            #...         50%         1
 Magic Dart               Conj           #...         50%         1
 Pain                     Necr           #...         50%         1
 Sandblast                Erth           #.....       50%         1
 Passwall                 Tmut/Erth      #.......     65%         2
 Searing Ray              Conj           #.....       65%         2
 Slow                     Hex            #.......     65%         2
 Dazzling Flash           Conj/Hex       #.....       86%         3
 Frozen Ramparts          Ice            #.....       86%         3
 Inner Flame              Hex/Fire       #.......     86%         3
 Ozocubu's Armour         Ice            #.......     86%         3
 Portal Projectile        Hex/Tloc       #.....       86%         3
 Stone Arrow              Conj/Erth      #.....       86%         3
 Vampiric Draining        Necr           #.........   86%         3
 Animate Dead             Necr           #.........   99%         4
 Cause Fear               Hex            #.........   99%         4
 Fulminant Prism          Conj/Hex       #.........   99%         4
 Hailstorm                Conj/Ice       #.......     99%         4
 Ice Form                 Ice/Tmut       #.......     99%         4
 Iskenderun's Mystic Bla  Conj/Tloc      #.......     99%         4
 Leda's Liquefaction      Hex/Erth       #.........   99%         4
 Petrify                  Tmut/Erth      #.......     99%         4
 Summon Ice Beast         Ice/Summ       #.......     99%         4
 Agony                    Necr           #.......     100%        5
 Borgnjor's Vile Clutch   Necr/Erth      #.........   100%        5
 Lee's Rapid Deconstruct  Erth           #.........   100%        5
 Metabolic Englaciation   Hex/Ice        #.........   100%        5
 Silence                  Hex/Air        #.........   100%        5
 Yara's Violent Unravell  Hex/Tmut       #.........   100%        5
 Death Channel            Necr           #.........   100%        6
 Freezing Cloud           Conj/Ice/Air   #.........   100%        6
 Ozocubu's Refrigeration  Ice            #.........   100%        6
 Simulacrum               Ice/Necr       #.........   100%        6
 Discord                  Hex            #.........   100%        8


Dungeon Overview and Level Annotations

Branches:
Dungeon (13/15)            Temple (1/1) D:7            Lair (4/6) D:8
    Orc (0/2) D:9          Vaults (0/5) D:13          Sewer (visited)
Volcano (visited)
  Swamp: Lair:2-4    Shoals: Lair:2-4     Snake: Lair:2-4    Spider: Lair:2-4

Altars:
Ashenzari
Cheibriados
Dithmenos
Elyvilon
Fedhas
Gozag
Hepliaklqana
Kikubaaqudgha
Makhleb
Nemelex Xobeh
Okawaru
Qazlal
Ru
Sif Muna
Trog
Uskayaw
Vehumet
Wu Jian
Xom
Yredelemnul
Zin
The Shining One

Shops:
D:9 [

Annotations:
D:13 2 transporters, Birvald's ghost, journeyman GrEE


Innate Abilities, Weirdness & Mutations

You are too large for most types of armour.
You have claws for hands.
Your natural rate of healing is unusually fast.
You are covered in fur. (AC +1)
You have extremely tough skin. (AC +3)


Message History

* * * LOW HITPOINT WARNING * * *
The eight-headed hydra bites you.
* * * LOW HITPOINT WARNING * * *
The eight-headed hydra barely misses you.
The eight-headed hydra bites you!
* * * LOW HITPOINT WARNING * * *
The eight-headed hydra barely misses you.
The eight-headed hydra bites you!
* * * LOW HITPOINT WARNING * * *
The eight-headed hydra bites you but does no damage.
There is a stone staircase leading down, spattered with blood here.
Unknown command.
Unknown command.
Unknown command.
As you read the scroll of fear, it crumbles to dust.
You assume a fearsome visage.
The wolf looks frightened! x3
The eight-headed hydra resists with some effort.
The wolf looks frightened!
The blink frog looks frightened!
The blink frog blinks!
The eight-headed hydra bites you!
You die...

.≈≈≈♣.... #...........
....≈♣..... ##.....>....
≈.≈♣♣.....# #...........
..........####..........
.$.........#.+.........÷
....§......#......).....
#..h..................
#.....D.+..#..........
#....@.h.#............
#.h..(§.####..........
#####h### ####.######
### #.## ##


You could see an eight-headed hydra and 4 wolves.

Vanquished Creatures
  Erolcha (D:12)
  2 vault guards (D:13)
  5 two-headed ogres
  A centaur warrior (D:9)
  A dancing weapon (Volcano)
  2 unseen horrors
  5 wizards (Volcano)
  2 ugly things
  A cyclops (D:13)
  A black mamba (Lair:1)
  5 toenail golems (Volcano)
  2 gargoyles
  6 cane toads
  A rime drake (Lair:1)
  2 komodo dragons
  A queen bee (shapeshifter) (D:13)
  6 trolls
  Prince Ribbit (D:9)
  A tyrant leech (D:11)
  A polar bear (Lair:3)
  8 humans (D:13)
  2 wraiths
  25 yaks
  2 wyverns
  2 vampires (D:11)
  5 basilisks
  7 vampire mosquitoes
  A steam dragon (shapeshifter) (D:13)
  An acid dragon (D:13)
  8 water moccasins
  5 ice beasts
  A sky beast (D:13)
  A necrophage (D:11)
  3 black bears
  2 hornet zombies
  7 orc warriors
  8 ogres
  3 phantoms
  6 wolves
  6 centaurs
  2 big kobolds
  15 bullfrogs
  2 scorpions
  A water moccasin skeleton (D:11)
  6 killer bees (D:9)
  14 wights
  A howler monkey (D:8)
  5 bullfrog zombies
  3 centaur zombies
  7 hounds
  A jelly (D:11)
  A quasit (D:12)
  6 orc priests
  5 bullfrog skeletons
  10 orc wizards
  5 centaur skeletons
  4 iguanas
  11 worker ants
  A hound zombie (D:8)
  A hound skeleton (D:5)
  A howler monkey zombie (D:8)
  3 worker ant zombies
  3 gnolls (D:8)
  20 adders
  A shadow imp (D:9)
  A white imp (D:5)
  5 ufetubi
  2 oozes
  6 adder skeletons
  An adder zombie (D:9)
  2 dart slugs
  8 leopard geckos
  37 orcs
  8 giant cockroaches
  9 goblins
  4 hobgoblins
  7 jackals
  12 kobolds
  5 quokkas
  4 ball pythons
  5 bats
  11 frilled lizards
  A leopard gecko zombie (D:5)
  2 rats
  A butterfly (D:2)
410 creatures vanquished.

Vanquished Creatures (collateral kills)
  A spriggan (Lair:2)
1 creature vanquished.

Vanquished Creatures (others)
  A vault guard (D:13)
  10 fungi
  16 plants
27 creatures vanquished.

Grand Total: 438 creatures vanquished

Notes
Turn   | Place    | Note
-------+----------+-------------------------------------------
     0 | D:1      | Napalmbreeze the Troll Fighter began the quest for the Orb.
     0 | D:1      | Reached XP level 1. HP: 22/22 MP: 0/0
   181 | D:1      | Reached XP level 2. HP: 29/29 MP: 1/1
   648 | D:2      | Reached XP level 3. HP: 36/36 MP: 2/2
   661 | D:2      | Found a shimmering altar of Xom.
   752 | D:2      | Reached skill level 3 in Unarmed Combat
   752 | D:2      | Reached XP level 4. HP: 45/45 MP: 3/3
   929 | D:2      | Found an ornate altar of the Wu Jian Council.
  1254 | D:3      | Reached XP level 5. HP: 53/53 MP: 4/4
  1906 | D:4      | Reached XP level 6. HP: 47/62 MP: 5/5
  1977 | D:4      | Reached skill level 4 in Unarmed Combat
  2557 | D:5      | Entered Level 5 of the Dungeon
  2752 | D:5      | Reached XP level 7. HP: 51/70 MP: 6/6
  2861 | D:5      | Found an iron altar of Okawaru.
  3357 | D:5      | Reached skill level 5 in Unarmed Combat
  3433 | D:6      | Identified a scroll of acquirement
  3433 | D:6      | Acquired a manual of Shields
  3465 | D:6      | Found a blossoming altar of Fedhas.
  3552 | D:6      | Reached skill level 5 in Shields
  3585 | D:6      | Reached skill level 5 in Fighting
  3634 | D:6      | Reached XP level 8. HP: 78/80 MP: 7/7
  3764 | D:6      | Found a glowing drain.
  3776 | Sewer    | Entered a sewer
  4002 | Sewer    | Reached skill level 6 in Unarmed Combat
  4048 | Sewer    | Got a wavering ivory ring
  4141 | Sewer    | Identified the ring "Kidae" {rElec MR+ Dex+2} (You found it
                  | in a sewer)
  4941 | D:7      | Found a staircase to the Ecumenical Temple.
  4948 | Temple   | Entered the Ecumenical Temple
  5011 | Temple   | Became a worshipper of Makhleb the Destroyer
  5046 | D:7      | Reached skill level 7 in Unarmed Combat
  5064 | D:7      | Found a radiant altar of Vehumet.
  5071 | D:7      | Found a shadowy altar of Dithmenos.
  5082 | D:7      | Found an ancient bone altar of Kikubaaqudgha.
  5147 | D:7      | Reached XP level 9. HP: 87/88 MP: 8/8
  5411 | D:7      | Reached skill level 8 in Unarmed Combat
  5475 | D:7      | Reached * piety under Makhleb
  5694 | D:8      | Reached skill level 10 in Shields
  5729 | D:8      | HP: 1/88 [yak (14)]
  5919 | D:7      | Reached skill level 9 in Unarmed Combat
  6346 | D:8      | Found a staircase to the Lair.
  6453 | D:8      | Reached XP level 10. HP: 100/100 MP: 9/9
  6854 | D:9      | Found Peedothro's Armour Shop.
  6856 | D:9      | Found a staircase to the Orcish Mines.
  6874 | D:9      | Reached ** piety under Makhleb
  6889 | D:9      | Bought a +0 cloak of preservation for 172 gold pieces
  6999 | D:9      | Noticed a two-headed ogre
  7008 | D:9      | Killed a two-headed ogre
  7008 | D:9      | Reached skill level 1 in Invocations
  7055 | D:9      | Noticed Prince Ribbit
  7139 | D:9      | Noticed a centaur warrior
  7146 | D:9      | Killed a centaur warrior
  7202 | D:9      | Killed Prince Ribbit
  7202 | D:9      | Reached skill level 10 in Unarmed Combat
  7206 | D:9      | Found a stormy altar of Qazlal.
  7567 | D:9      | Noticed a two-headed ogre
  7579 | D:9      | Killed a two-headed ogre
  7835 | D:9      | Reached XP level 11. HP: 88/111 MP: 13/13
  8026 | D:10     | Entered Level 10 of the Dungeon
  8112 | D:10     | Reached *** piety under Makhleb
  8214 | D:10     | Noticed a red ugly thing
  8232 | D:10     | Killed a red ugly thing
  8232 | D:10     | Reached skill level 5 in Invocations
  8348 | D:10     | Noticed a two-headed ogre
  8356 | D:10     | Killed a two-headed ogre
  8524 | D:10     | Noticed a two-headed ogre
  8529 | D:10     | Killed a two-headed ogre
  8529 | D:10     | Reached skill level 11 in Unarmed Combat
  8756 | D:11     | Noticed a two-headed ogre
  8767 | D:11     | Killed a two-headed ogre
  9298 | D:11     | Found a white marble altar of Elyvilon.
  9366 | D:11     | Reached **** piety under Makhleb
  9483 | D:11     | Noticed an unseen horror
  9505 | D:11     | Killed an unseen horror
  9952 | D:11     | Found the +12 Vampire's Tooth {vamp}
 10241 | D:12     | Reached XP level 12. HP: 85/123 MP: 5/16
 10435 | D:12     | Reached skill level 12 in Unarmed Combat
 10460 | D:12     | Noticed Erolcha
 10474 | D:12     | Killed Erolcha
 11067 | D:13     | Killed a vault guard
 11312 | D:13     | Reached ***** piety under Makhleb
 11358 | D:13     | Reached skill level 10 in Fighting
 11364 | D:13     | Identified the +8 dire flail of the Ageless Knaves {freeze,
                  | rC+ Dex+4}
 11364 | D:13     | Identified the +8 great mace of the Big Fish {antimagic,
                  | rElec rC+ Int-2}
 11364 | D:13     | Noticed an ettin
 11364 | D:13     | Identified the +4 trident of Haufid {elec, rN+}
 11364 | D:13     | Noticed a tengu warrior
 11364 | D:13     | Noticed a two-headed ogre
 11367 | D:13     | Noticed Birvald's ghost (journeyman GrEE)
 11369 | D:13     | Found a bloodstained altar of Trog.
 11369 | D:13     | Noticed a two-headed ogre
 11388 | D:13     | Found a transporter.
 11389 | D:13     | Found a transporter.
 11389 | D:13     | Identified the +7 double sword of the Ancients {vamp, MR+
                  | Int+4}
 11534 | D:13     | Noticed a vault guard
 11535 | D:13     | Noticed a vault guard
 11562 | D:13     | Killed a vault guard
 11562 | D:13     | Reached skill level 13 in Unarmed Combat
 11574 | D:13     | Killed a vault guard
 11850 | D:13     | Found a gate to the Vaults.
 12051 | Lair:1   | Entered Level 1 of the Lair of Beasts
 12455 | Lair:1   | Reached XP level 13. HP: 51/133 MP: 18/18
 13125 | Lair:2   | You fall into a shaft and drop 2 floors!
 13169 | Lair:3   | Found a dark tunnel.
 13175 | Volcano  | Entered a volcano
 13185 | Volcano  | Reached skill level 14 in Unarmed Combat
 14073 | Lair:3   | Reached skill level 5 in Dodging
 14384 | Lair:2   | Slain by an eight-headed hydra

Illustrated notes

Levels and vault maps discovered:
D:1:      ebering_trefoil_twist, layout_basic, minmay_heptomino_l4
D:2:      layout_basic, lemuel_round_altar, xom_butterflies,
          hangedman_decor_clover_reticule
D:3:      layout_basic
D:4:      layout_loops_ring
D:5:      layout_loops_ring, okawaru_ov_weapons_minmay
D:6:      layout_basic, portal_sewer_entry_d, chequers_garden,
          minmay_ruined_shrine
D:7:      layout_loops_ring, gammafunk_temple_overflow_pools,
          lemuel_crystal_altar, minmay_temple_entry_statues_pillars
D:8:      layout_cave_pods, minmay_lair_entry_grove
D:9:      minmay_bubble_buster, layout_stronghold, kennysheep_mini_moat,
          orc_david_3, minivault_20, uniq_prince_ribbit1
D:10:     layout_stronghold
D:11:     layout_layer_cave, basic_altar, minmay_guarded_unrand_vampires_tooth
D:12:     layout_irregular_city, uniq_erolcha
D:13:     layout_basic, ximxim_vaults_locker_room,
          gammafunk_ghost_wrathful_warriors
Temple:   eino_wide_crystal_templ
Lair:1:   layout_regular_city
Lair:2:   layout_roguey, nicolae_quartered_pool_super,
          chequers_serial_rivers_marsh, st_stairs_6,
          grunt_forest_large_clearing_hut
Lair:3:   layout_chaotic_city, enter_volcano_2
Lair:4:   layout_big_grid, swamp_mist, guppyfry_snake_entry_island, uniq_sonja,
          uniq_josephine

Skill      XL: |  1  2  3  4  5  6  7  8  9 10 11 12 13 |
---------------+----------------------------------------+-----
Fighting       | 3 4 5 6 7 9 10 | 10.8
Shields        | 3 4 5 8 10 | 10.0
Unarmed Combat | 3 4 5 7 9 10 11 13 14 | 14.4
Invocations    | 4 7 8 |  8.0
Dodging        | 3 5 |  5.0

Action                   |  1- 3 |  4- 6 |  7- 9 | 10-12 | 13-15 || total
-------------------------+-------+-------+-------+-------+-------++-------
Melee: Unarmed           |    84 |   113 |   383 |   747 |   147 ||  1474
Throw: Large rock        |       |       |       |       |     3 ||     3
Invok: Lesser Servant of |       |       |       |       |     2 ||     2
  Use: Scroll            |       |       |     9 |     2 |     7 ||    18
       Potion            |       |       |     1 |       |       ||     1
 Stab: Sleeping          |       |     1 |     3 |     2 |       ||     6
Armor: Robe              |    23 |    25 |    74 |   103 |    43 ||   268
Dodge: Dodged            |    24 |    27 |   119 |   225 |    85 ||   480
Block: Kite shield       |    42 |    50 |   210 |   395 |    95 ||   792

Table legend: (Time is in decaauts)
 A = Elapsed time spent in this place.
 B = Non-inter-level travel time spent in this place.
 C = Inter-level travel time spent in this place.
 D = Time resting spent in this place.
 E = Time spent auto-exploring this place.
 F = Levels seen in this place.
 G = Mean time per level.
                   A        B        C        D        E       F      G
               +--------+--------+--------+--------+--------+-----+--------+
         Total |  14263 |  13762 |    501 |   1061 |   7965 |  20 |  713.2 |
       Dungeon |  11415 |  10925 |    490 |    788 |   6542 |  13 |  878.1 |
        Temple |     73 |     64 |      9 |      0 |     41 |   1 |   73.0 |
          Lair |   1959 |   1958 |      1 |    217 |   1094 |   4 |  489.8 |
         Sewer |    496 |    496 |      0 |      0 |    269 |   1 |  496.0 |
       Volcano |    318 |    318 |      0 |     56 |     18 |   1 |  318.0 |
               +--------+--------+--------+--------+--------+-----+--------+

Top non-repeatable levels by time:
    D:11: 1449 daAuts
     D:9: 1224 daAuts
     D:7: 997 daAuts
  Lair:1: 980 daAuts
     D:8: 961 daAuts
     D:6: 942 daAuts
    D:13: 881 daAuts
    D:12: 814 daAuts
     D:4: 807 daAuts
  Lair:3: 748 daAuts
    D:10: 732 daAuts
     D:5: 726 daAuts
     D:3: 694 daAuts
     D:2: 611 daAuts
     D:1: 572 daAuts
